 Dungeon Crawl Stone Soup version 0.25-a0-194-gece12570e2 (webtiles) character file.

Game seed: 18118700733878458900, levelgen mode: deterministic

239524 MrRokkomies the Bludgeoner (level 19, -15/170 HPs)
             Began as a Ghoul Monk on Nov 30, 2019.
             Was the Champion of Nemelex Xobeh.
             Demolished by a tarantella (18 damage)
             ... on level 4 of the Spider Nest on Dec 1, 2019.
             The game lasted 02:48:15 (37569 turns).

MrRokkomies the Bludgeoner (Ghoul Monk)            Turns: 37569, Time: 02:48:19

Health: -15/170    AC: 33    Str: 22 (23) XL:     19   Next: 75%
Magic:  2/29       EV: 15    Int:  6      God:    Nemelex Xobeh [******]
Gold:   703        SH:  0    Dex: 17      Spells: 18/18 levels left

rFire    + + +     SeeInvis +   a - +9 great mace (drain)
rCold    + + .     Gourm    .   (shield currently unavailable)
rNeg     + + +     Faith    +   y - +9 plate armour of Atheism {rF+ Int+3}
rPois    ∞         Spirit   .   J - +0 helmet of Obapof {Str-4 Dex+6 Slay+2}
rElec    +         Reflect  .   P - +0 cloak {rC+}
rCorr    .         Harm     .   E - +2 pair of gloves "Put-Me-On" {rElec rF++ Str+4 Int-2}
MR       +....                  g - +1 pair of boots
Stlth    ..........             v - amulet of faith
HPRegen  0.00/turn              f - +4 ring of evasion
MPRegen  0.21/turn              k - ring of see invisible

@: rotting, slowed, very slow
A: rotting body, claws 1, carnivore, cold resistance 1, negative energy
resistance 3, inhibited regeneration, torment resistance, unbreathing
}: 1/15 runes: decaying
a: Draw Escape, Draw Destruction, Draw Summoning, Triple Draw, Deal Four, Stack
Five, Renounce Religion


You were on level 4 of the Spider Nest.
You worshipped Nemelex Xobeh.
Nemelex Xobeh was exalted by your worship.
You were not hungry.

You visited 5 branches of the dungeon, and saw 31 of its levels.
You also visited: Sewer, Gauntlet and Ice Cave.

You collected 3161 gold pieces.
You spent 2458 gold pieces at shops.

Inventory:

Hand Weapons
 a - a +9 great mace of draining (weapon)
 b - a +0 arbalest
 r - a +0 triple crossbow
 Y - a +1 antimagic lajatang
Missiles
 i - 363 bolts
 n - 68 poisoned darts (quivered)
 R - 14 curare-tipped darts
Armour
 g - a +1 pair of boots (worn)
 y - the +9 plate armour of Atheism (worn) {rF+ Int+3}
   (You found it on level 15 of the Dungeon)

   It affects your intelligence (+3).
   It protects you from fire.
 E - the +2 pair of gloves "Put-Me-On" (worn) {rElec rF++ Str+4 Int-2}
   (You bought it in a shop on level 2 of the Orcish Mines)

   It affects your strength (+4).
   It affects your intelligence (-2).
   It greatly protects you from fire.
   It insulates you from electricity.
 J - the +0 helmet of Obapof (worn) {Str-4 Dex+6 Slay+2}
   (You found it on level 8 of the Dungeon)

   It affects your strength (-4).
   It affects your dexterity (+6).
   It affects your accuracy and damage with ranged weapons and melee attacks
   (+2).
 P - a +0 cloak of cold resistance (worn)
Jewellery
 f - a +4 ring of evasion (left hand)
 k - a ring of see invisible (right hand)
 l - an uncursed ring of flight
 u - a +5 amulet of reflection
 v - an amulet of faith (around neck)
 W - an uncursed ring of protection from cold
 Z - an uncursed ring of protection from fire
Wands
 m - a wand of iceblast (25)
 C - a wand of acid (17)
 K - a wand of disintegration (15)
 L - a wand of digging (5)
 Q - a wand of enslavement (17)
 S - a wand of clouds (11)
 T - a wand of flame (37)
 V - a wand of paralysis (53)
Scrolls
 d - a scroll of fog
 h - 6 scrolls of enchant armour
 s - a scroll of amnesia
 B - 4 scrolls of teleportation
 G - 7 scrolls of remove curse
 I - 2 scrolls of immolation
 M - 2 scrolls of magic mapping
 N - 16 scrolls of identify
Potions
 j - a potion of flight
 q - 2 potions of ambrosia
 t - 2 potions of agility
 x - 6 potions of brilliance
 z - 4 potions of haste
 A - 2 potions of heal wounds
 D - 7 potions of might
 F - 2 potions of magic
 U - 4 potions of curing
Miscellaneous
 e - a sack of spiders
 H - a box of beasts
 O - a fan of gales
 X - a phial of floods
Comestibles
 c - 60 rations
 p - 17 chunks of flesh


   Skills:
 - Level 15.0 Fighting
 - Level 16.0 Maces & Flails
 * Level 13.1 Crossbows
 + Level 11.2 Armour
 - Level 7.1 Dodging
 - Level 2.1 Stealth
 + Level 15.4 Invocations
 * Level 8.4 Evocations


You had 18 spell levels left.
You didn't know any spells.
Your spell library contained the following spells:

 Spells                   Type           Power        Failure   Level  Hunger
 Flame Tongue             Conj/Fire      #....        99%         1    ##.....
 Freeze                   Ice            #...         99%         1    ##.....
 Magic Dart               Conj           #...         99%         1    ##.....
 Sting                    Conj/Pois      #...         99%         1    ##.....
 Summon Small Mammal      Summ           #...         99%         1    ##.....
 Blink                    Tloc           N/A          100%        2    ###....
 Call Imp                 Summ           #.......     100%        2    ###....
 Passwall                 Tmut/Erth      #.......     100%        2    ###....
 Slow                     Hex            #.......     100%        2    ###....
 Throw Flame              Conj/Fire      #.....       100%        2    ###....
 Throw Frost              Conj/Ice       #.....       100%        2    ###....
 Call Canine Familiar     Summ           #.......     100%        3    ####...
 Conjure Flame            Conj/Fire      #.......     100%        3    ####...
 Gell's Gravitas          Tloc           #.........   100%        3    ####...
 Inner Flame              Hex/Fire       #.......     100%        3    ####...
 Mephitic Cloud           Conj/Pois/Air  #.......     100%        3    ####...
 Ozocubu's Armour         Chrm/Ice       #.......     100%        3    ####...
 Portal Projectile        Hex/Tloc       #.....       100%        3    ####...
 Static Discharge         Conj/Air       #.......     100%        3    ####...
 Summon Guardian Golem    Hex/Summ       #.......     100%        3    ####...
 Airstrike                Air            #.........   100%        4    #####..
 Force Lance              Conj/Tloc      #.......     100%        4    #####..
 Fulminant Prism          Conj/Hex       #.........   100%        4    #####..
 Leda's Liquefaction      Hex/Erth       #.........   100%        4    #####..
 Petrify                  Tmut/Erth      #.......     100%        4    #####..
 Sticky Flame             Conj/Fire      #.......     100%        4    #####..
 Summon Ice Beast         Ice/Summ       #.......     100%        4    #####..
 Summon Lightning Spire   Summ/Air       #.......     100%        4    #####..
 Throw Icicle             Conj/Ice       #.......     100%        4    #####..
 Bolt of Magma            Conj/Fire/Erth #.........   100%        5    ######.
 Fireball                 Conj/Fire      #.........   100%        5    ######.
 Irradiate                Conj/Tmut      #.........   100%        5    ######.
 Iskenderun's Battlesphe  Conj/Chrm      #.......     100%        5    ######.
 Lightning Bolt           Conj/Air       #.........   100%        5    ######.
 Metabolic Englaciation   Hex/Ice        #.........   100%        5    ######.
 Venom Bolt               Conj/Pois      #.........   100%        5    ######.
 Bolt of Cold             Conj/Ice       #.........   100%        6    #######
 Conjure Ball Lightning   Conj/Air       #.........   100%        6    #######
 Dispersal                Tloc           #.........   100%        6    #######
 Freezing Cloud           Conj/Ice/Air   #.........   100%        6    #######
 Iron Shot                Conj/Erth      #.........   100%        6    #######
 Ozocubu's Refrigeration  Ice            #.........   100%        6    #######
 Simulacrum               Ice/Necr       #.........   100%        6    #######
 Orb of Destruction       Conj           #.........   100%        7    #######
 Spellforged Servitor     Conj/Summ      #.........   100%        7    #######
 Controlled Blink         Tloc           N/A          100%        8    #######
 Disjunction              Tloc           #.........   100%        8    #######
 Ignition                 Fire           #.........   100%        8    #######
 Shatter                  Erth           #.........   100%        9    #######
 Tornado                  Air            #.........   100%        9    #######
 Ice Form                 Ice/Tmut       Unusable     N/A         4    N/A
 Hydra Form               Tmut           Unusable     N/A         6    N/A
 Statue Form              Tmut/Erth      Unusable     N/A         6    N/A
 Dragon Form              Tmut           Unusable     N/A         7    N/A

Dungeon Overview and Level Annotations

Branches:
Dungeon (15/15)            Temple (0/1) D:4            Lair (6/6) D:8
  Swamp (4/4) Lair:4       Spider (4/4) Lair:3        Slime (0/5) Lair:6
    Orc (2/2) D:9             Elf (0/3) Orc:2        Vaults (0/5) D:14
 Depths (0/5) D:15          Sewer (visited)           IceCv (visited)
Gauntlet (visited)

Altars:
Dithmenos
Elyvilon
Gozag
Hepliaklqana
Kikubaaqudgha
Makhleb
Nemelex Xobeh
Okawaru
Sif Muna
Trog
Uskayaw
Vehumet
Xom
Zin
Jiyva

Shops:
D:15 [=}%   Orc:2 ?[=*

Annotations:
D:5 2 runed translucent doors, Shinnjin's ghost, amateur MiFi


Innate Abilities, Weirdness & Mutations

Your body is rotting away.
You thrive on raw meat.
You are immune to poison.
You have sharp fingernails.
You are carnivorous and can eat meat at any time.
Your flesh is cold resistant. (rC+)
You are immune to negative energy. (rN+++)
You do not regenerate when monsters are visible.
You are immune to unholy pain and torment.
You can survive without breathing.


Message History

The moth of wrath goads the redback on!
The redback goes berserk!
The torpor snail bites you!
* * * LOW HITPOINT WARNING * * *
The tarantella bites you but does no damage.
The tarantella bites you!
* * * LOW HITPOINT WARNING * * *
The wolf spider hits you!
* * * LOW HITPOINT WARNING * * *
The wolf spider closely misses you. The torpor snail bites you.
* * * LOW HITPOINT WARNING * * *
Okay, then.
Unknown command.
Unknown command.
As you read the scroll of fear, it crumbles to dust.
You assume a fearsome visage.
The demonic crawler is unaffected.
The moth of wrath resists with some effort.
The wolf spider closely misses you. The wolf spider completely misses you.
The tarantella barely misses you. The tarantella bites you!!
You die...
Your body disappears without a glow.

#..........^#
#........#..#
#.......^#.#..
#####....^.....
##...........#
#^.%..^.#...
#..^.#### ..
#..%.^#### #
###..sss@#
#....wss....#
#....ys.s....^
##^.....#..^..
##.##^^......
..#...^.^#..
##^.^..#... .
...#..^###.


You could see a torpor snail (berserk), a demonic crawler, a wolf spider
(berserk), a moth of wrath, 3 tarantellas and 2 redbacks.

Vanquished Creatures
  Nikola (Spider:2)
  Arachne (Spider:2)
  A thorn hunter (Swamp:3)
  Agnes (Spider:4)
  A ghost moth (Spider:4)
  An emperor scorpion (Spider:4)
  A very ugly thing (Swamp:1)
  7 entropy weavers
  3 spark wasps
  A minotaur (Gauntlet)
  2 fire dragons
  Snorg (D:12)
  A death ooze (Gauntlet)
  A yaktaur captain (D:15)
  28 hydras
  A ghost crab (Gauntlet)
  2 centaur warriors
  3 ogre magi (Orc:2)
  4 shambling mangroves
  19 alligators
  A death knight (D:11)
  19 two-headed ogres
  A spriggan berserker (Swamp:4)
  2 tengu warriors (D:15)
  Sonja (Lair:4)
  An orc high priest (Orc:2)
  A skeletal warrior (D:11)
  A fire crab (Lair:5)
  A sea snake (Lair:6)
  A spriggan druid (Swamp:4)
  7 swamp dragons
  An unseen horror (D:12)
  An orange crystal statue (D:15)
  An obsidian statue (D:14)
  15 orb spiders
  2 orc knights
  Pikel (D:9)
  A harpy (Lair:6)
  A necromancer (D:14)
  2 moths of wrath
  An orc sorcerer (Orc:1)
  12 deep elf magi
  18 ugly things
  18 wolf spiders
  Maurice (D:9)
  4 cyclopes
  An ice statue (IceCv)
  6 elephants (Lair:6)
  A black mamba (Lair:4)
  17 spiny frogs
  4 torpor snails
  10 komodo dragons
  9 freezing wraiths
  17 demonic crawlers
  5 yaktaurs
  An efreet (D:14)
  3 rime drakes
  An ice devil (Gauntlet)
  3 meliai (D:13)
  11 trolls
  23 jumping spiders
  10 tyrant leeches
  A tengu conjurer (D:15)
  2 wind drakes (Lair:6)
  8 polar bears
  20 hornets
  9 hippogriffs
  6 bog bodies
  14 slime creatures
  3 dream sheep (Lair:4)
  20 blink frogs
  A meliai zombie (D:12)
  A harpy skeleton (D:13)
  56 redbacks
  A water elemental (D:13)
  6 spriggans
  4 shadows
  31 tarantellas
  2 humans (D:8)
  15 yaks
  5 wyverns
  3 basilisks
  3 wraiths
  Eustachio (D:4)
  A hog (Spider:4)
  26 vampire mosquitoes
  2 steam dragons
  3 wargs
  Edmund (D:5)
  4 hungry ghosts
  28 insubstantial wisps
  4 acid dragons
  9 swamp worms
  6 water moccasins
  16 swamp drakes
  5 porcupines
  2 alligator simulacra (IceCv)
  4 black bears
  12 ice beasts
  10 sky beasts
  21 orc warriors
  A hornet zombie (D:5)
  2 slaves (D:9)
  3 phantoms
  28 ogres
  An eye of draining (D:12)
  15 wolves
  10 crocodiles
  9 centaurs
  21 bullfrogs
  7 big kobolds
  7 gnoll sergeants
  A water moccasin skeleton (D:9)
  A wyvern skeleton (D:6)
  3 scorpions
  8 killer bees (D:8)
  16 wights
  An elephant simulacrum (IceCv)
  6 howler monkeys
  4 electric eels
  16 crimson imps
  8 centaur zombies
  6 jellies
  5 quasits
  3 draconian simulacra (IceCv)
  23 orc priests
  A bullfrog zombie (D:6)
  4 hounds
  5 centaur skeletons
  23 orc wizards
  4 bullfrog skeletons
  Terence (D:2)
  5 iguanas
  A spriggan simulacrum (IceCv)
  8 worker ants
  A polar bear simulacrum (IceCv)
  6 troll simulacra (IceCv)
  A centaur simulacrum (IceCv)
  A hound skeleton (D:6)
  A howler monkey zombie (D:8)
  4 worker ant zombies
  Robin (D:2)
  9 gnolls
  A howler monkey skeleton (D:8)
  18 adders
  2 naga simulacra (IceCv)
  7 ogre simulacra (IceCv)
  3 shadow imps
  18 white imps
  18 oozes
  4 adder skeletons
  2 worms
  A ball lightning (Orc:2)
  3 dart slugs
  14 leopard geckos
  62 orcs
  19 ball pythons
  20 giant cockroaches
  18 goblins
  5 hobgoblins
  26 kobolds
  3 quokkas
  5 bats
  15 frilled lizards
  A leopard gecko skeleton (D:8)
  A quokka skeleton (D:8)
  12 rats
  2 fungi
1244 creatures vanquished.

Vanquished Creatures (collateral kills)
  Rupert (D:13)
  2 thorn hunters
  A ghost moth (Lair:6)
  A dire elephant (Lair:6)
  A shambling mangrove (Swamp:4)
  4 hydras (Swamp:4)
  A death yak (Lair:5)
  2 swamp dragons (Swamp:4)
  An orange crystal statue (D:14)
  A necromancer (IceCv)
  A komodo dragon (Lair:5)
  3 freezing wraiths (IceCv)
  A tyrant leech (Swamp:3)
  A hornet (Swamp:4)
  2 dream sheep (Lair:4)
  7 blink frogs
  A wyvern (Lair:5)
  3 yaks (D:13)
  A vampire mosquito (Lair:4)
  A water moccasin (Lair:5)
  An orc warrior (D:8)
  2 wolves (Lair:1)
  A quokka skeleton (D:8)
40 creatures vanquished.

Vanquished Creatures (others)
  A spriggan druid (Swamp:4)
  A wolf spider (Spider:2)
  A deep elf mage (D:13)
  A freezing wraith (IceCv)
  A jumping spider (Spider:2)
  A hornet (Swamp:3)
  A bog body (Swamp:4)
  A spriggan (Swamp:3)
  A redback (Spider:2)
  An insubstantial wisp (Swamp:3)
  2 slaves (D:9)
  2 wights
  2 crimson imps (D:9)
  A worker ant (D:13)
  An adder (D:10)
  2 ball lightnings
  An orc (D:9)
  21 fungi
  16 plants
58 creatures vanquished.

Grand Total: 1342 creatures vanquished

Notes
Turn   | Place    | Note
-------+----------+-------------------------------------------
     0 | D:1      | MrRokkomies the Ghoul Monk began the quest for the Orb.
     0 | D:1      | Reached XP level 1. HP: 19/19 MP: 0/0
   182 | D:1      | Reached XP level 2. HP: 26/26 MP: 1/1
   291 | D:1      | Reached skill level 3 in Maces & Flails
   871 | D:2      | Reached XP level 3. HP: 30/32 MP: 2/2
  1033 | D:2      | Reached XP level 4. HP: 15/40 MP: 3/3
  1205 | D:2      | Noticed Terence
  1215 | D:2      | Killed Terence
  1453 | D:2      | Found a burning altar of Makhleb.
  1454 | D:2      | Found a shadowy altar of Dithmenos.
  1521 | D:2      | Noticed Robin
  1556 | D:2      | Reached XP level 5. HP: 30/47 MP: 4/4
  1565 | D:2      | Killed Robin
  1595 | D:2      | Found an opulent altar of Gozag.
  2247 | D:3      | Found a bloodstained altar of Trog.
  2250 | D:3      | Found a sparkling altar of Nemelex Xobeh.
  2254 | D:3      | Became a worshipper of Nemelex Xobeh the Trickster
  2254 | D:3      | Received a gift from Nemelex Xobeh
  2254 | D:3      | Reached * piety under Nemelex Xobeh
  2254 | D:3      | Reached ** piety under Nemelex Xobeh
  2266 | D:3      | Reached skill level 4 in Maces & Flails
  2399 | D:3      | Found a hide-covered altar of Uskayaw.
  2469 | D:4      | Received a gift from Nemelex Xobeh
  2510 | D:3      | Reached skill level 5 in Fighting
  2545 | D:3      | Reached XP level 6. HP: 11/56 MP: 5/5
  2564 | D:4      | Reached skill level 1 in Invocations
  2737 | D:4      | Found a shimmering altar of Xom.
  2845 | D:4      | Reached XP level 7. HP: 62/62 MP: 7/7
  2955 | D:4      | Found a staircase to the Ecumenical Temple.
  2981 | D:4      | Noticed Eustachio
  3005 | D:4      | Killed Eustachio
  3005 | D:4      | Reached skill level 5 in Maces & Flails
  3187 | D:4      | HP: 2/63 [orc priest/+1 flail of holy wrath (11)]
  3417 | D:4      | Found a hazy altar of Hepliaklqana.
  3448 | D:4      | Found a radiant altar of Vehumet.
  3623 | D:5      | Entered Level 5 of the Dungeon
  3883 | D:5      | Noticed a hungry ghost
  3930 | D:4      | Killed a hungry ghost
  3930 | D:4      | Reached XP level 8. HP: 57/71 MP: 7/9
  4262 | D:5      | Found a large runed translucent door.
  4262 | D:5      | Found a large runed translucent door.
  4325 | D:5      | Noticed Shinnjin's ghost (amateur MiFi)
  4392 | D:5      | Reached *** piety under Nemelex Xobeh
  4623 | D:5      | Found a white marble altar of Elyvilon.
  4698 | D:5      | Reached skill level 6 in Maces & Flails
  4794 | D:5      | Received a gift from Nemelex Xobeh
  4840 | D:5      | Noticed Edmund
  4857 | D:5      | Killed Edmund
  5189 | D:6      | Found a glowing drain.
  5223 | Sewer    | Entered a sewer
  5815 | D:6      | Received a gift from Nemelex Xobeh
  5816 | D:6      | Reached **** piety under Nemelex Xobeh
  5878 | D:6      | Reached XP level 9. HP: 35/81 MP: 11/11
  5889 | D:6      | Reached skill level 5 in Dodging
  6028 | D:6      | Found a shimmering altar of Xom.
  6131 | D:6      | Received a gift from Nemelex Xobeh
  6602 | D:7      | Reached skill level 7 in Maces & Flails
  6602 | D:7      | Reached skill level 1 in Armour
  6895 | D:7      | Reached skill level 5 in Invocations
  7406 | D:7      | Received a gift from Nemelex Xobeh
  7575 | D:8      | Reached XP level 10. HP: 87/91 MP: 13/13
  7584 | D:8      | Reached skill level 8 in Maces & Flails
  7722 | D:8      | Reached skill level 10 in Fighting
  7746 | D:8      | Reached ***** piety under Nemelex Xobeh
  7775 | D:8      | Received a gift from Nemelex Xobeh
  7782 | D:8      | Got a heavily runed helmet
  7793 | D:8      | Identified the +0 helmet of Obapof {Str-4 Dex+6 Slay+2}
                  | (You found it on level 8 of the Dungeon)
  7992 | D:8      | Found a shimmering blue altar of Sif Muna.
  7992 | D:8      | Found a shimmering altar of Xom.
  7993 | D:8      | Found an iron altar of Okawaru.
  7993 | D:8      | Found a hazy altar of Hepliaklqana.
  8202 | D:8      | Found a staircase to the Lair.
  8307 | D:8      | Reached skill level 9 in Maces & Flails
  8368 | D:8      | Received a gift from Nemelex Xobeh
  8376 | D:8      | Noticed Maurice
  8520 | D:8      | Found an iron altar of Okawaru.
  9087 | Lair:1   | Entered Level 1 of the Lair of Beasts
  9087 | Lair:1   | Noticed a seven-headed hydra
  9092 | Lair:1   | Killed a seven-headed hydra
  9092 | Lair:1   | Reached XP level 11. HP: 94/101 MP: 15/15
  9145 | Lair:1   | Received a gift from Nemelex Xobeh
  9282 | Lair:1   | Noticed a four-headed hydra
  9286 | Lair:1   | Killed a four-headed hydra
  9839 | Lair:2   | Received a gift from Nemelex Xobeh
  9906 | Lair:2   | Found a frozen archway.
  9913 | IceCv    | Entered an ice cave
 10354 | IceCv    | Reached skill level 10 in Maces & Flails
 10376 | IceCv    | Reached skill level 5 in Armour
 11078 | IceCv    | Identified a scroll of acquirement
 11501 | IceCv    | Found an ancient bone altar of Kikubaaqudgha.
 12001 | IceCv    | Noticed a necromancer
 12008 | IceCv    | Killed a necromancer
 12453 | IceCv    | Reached XP level 12. HP: 103/109 MP: 17/17
 12654 | Lair:2   | Received a gift from Nemelex Xobeh
 12866 | Lair:2   | Reached ****** piety under Nemelex Xobeh
 13539 | Lair:3   | Received a gift from Nemelex Xobeh
 13734 | Lair:3   | Received a gift from Nemelex Xobeh
 13810 | Lair:3   | Received a gift from Nemelex Xobeh
 13970 | Lair:3   | Found a hole to the Spider Nest.
 13987 | Lair:3   | Noticed a four-headed hydra
 13993 | Lair:3   | Killed a four-headed hydra
 13993 | Lair:3   | Reached skill level 11 in Maces & Flails
 14260 | Lair:4   | Received a gift from Nemelex Xobeh
 14760 | Lair:4   | Found a staircase to the Swamp.
 15387 | Lair:4   | Received a gift from Nemelex Xobeh
 15476 | Lair:4   | Noticed Sonja
 15479 | Lair:4   | Killed Sonja
 16118 | Lair:5   | Received a gift from Nemelex Xobeh
 16129 | Lair:5   | Reached XP level 13. HP: 75/122 MP: 18/18
 16518 | Lair:5   | Received a gift from Nemelex Xobeh
 17033 | Lair:6   | Entered Level 6 of the Lair of Beasts
 17033 | Lair:6   | Found a staircase to the Slime Pits.
 17033 | Lair:6   | Found a viscous altar of Jiyva.
 17059 | Lair:6   | Received a gift from Nemelex Xobeh
 17077 | Lair:6   | Found a gate leading to a gauntlet.
 17081 | Gauntlet | Entered a Gauntlet
 17081 | Gauntlet | Found a transporter.
 17081 | Gauntlet | Found a transporter.
 17081 | Gauntlet | Found a transporter.
 17097 | Gauntlet | Found a transporter.
 17101 | Gauntlet | Found a transporter.
 17113 | Gauntlet | Found a transporter.
 17115 | Gauntlet | Found a transporter.
 17115 | Gauntlet | Noticed a death ooze
 17127 | Gauntlet | Found a transporter.
 17143 | Gauntlet | Found a large runed translucent door.
 17144 | Gauntlet | Found a large runed translucent door.
 17145 | Gauntlet | Found a large runed translucent door.
 17145 | Gauntlet | Found a large runed translucent door.
 17146 | Gauntlet | Found a runed translucent gate.
 17147 | Gauntlet | Found a large runed translucent door.
 17147 | Gauntlet | Found a large runed translucent door.
 17147 | Gauntlet | Found a runed translucent door.
 17148 | Gauntlet | Found a large runed translucent door.
 17149 | Gauntlet | Found a large runed translucent door.
 17171 | Gauntlet | Found a transporter.
 17213 | Gauntlet | Found a transporter.
 17217 | Gauntlet | Found a transporter.
 17219 | Gauntlet | Found a large runed translucent door.
 17220 | Gauntlet | Found a large runed translucent door.
 17221 | Gauntlet | Found a large runed translucent door.
 17221 | Gauntlet | Found a large runed translucent door.
 17221 | Gauntlet | Found a runed translucent door.
 17222 | Gauntlet | Found a large runed translucent door.
 17223 | Gauntlet | Found a large runed translucent door.
 17224 | Gauntlet | Found a large runed translucent door.
 17224 | Gauntlet | Found a large runed translucent door.
 17225 | Gauntlet | Found a runed translucent gate.
 17225 | Gauntlet | Found a runed translucent gate.
 17226 | Gauntlet | Noticed a death ooze
 17227 | Gauntlet | Found a transporter.
 17360 | Gauntlet | Killed a death ooze
 17612 | Gauntlet | Got an ancient ring mail
 17624 | Gauntlet | Identified the +6 ring mail of Gravity {Dex+4} (You found
                  | it in a Gauntlet)
 17645 | Gauntlet | Identified the amulet "Xioczia" {Reflect rN+ SH+3}
 17645 | Gauntlet | Noticed a minotaur
 17763 | Gauntlet | Killed a minotaur
 17763 | Gauntlet | Reached skill level 12 in Maces & Flails
 17766 | Gauntlet | Identified the Catalogue of Gliding Poison
 18052 | Lair:5   | Identified the -1 hand axe "Wastry" {speed, +Fly rF+ Int+2}
 18127 | Lair:6   | Received a gift from Nemelex Xobeh
 18266 | Lair:6   | Killed a ghost moth
 18266 | Lair:6   | Reached skill level 10 in Invocations
 18295 | Lair:6   | Noticed a dire elephant
 18949 | Lair:6   | Killed a dire elephant
 18949 | Lair:6   | Reached XP level 14. HP: 115/133 MP: 20/20
 19053 | Lair:6   | Reached skill level 15 in Fighting
 19087 | Lair:6   | Reached skill level 1 in Crossbows
 19110 | Lair:6   | Reached skill level 13 in Maces & Flails
 19154 | Lair:6   | Got a faintly humming chain mail
 19179 | Lair:6   | Identified the +0 chain mail of Conscience {Regen+ Str-5
                  | Stlth+} (You found it on level 6 of the Lair of Beasts)
 19245 | Lair:6   | Received a gift from Nemelex Xobeh
 19711 | D:9      | Noticed Pikel
 19726 | D:9      | Killed Pikel
 19848 | D:9      | Found a glowing silver altar of Zin.
 20027 | D:9      | Identified Uroxt's Almanac of Lethal Stones
 20068 | D:9      | Received a gift from Nemelex Xobeh
 20165 | D:9      | Killed Maurice
 20183 | D:9      | Found an ancient bone altar of Kikubaaqudgha.
 20272 | D:9      | Found a staircase to the Orcish Mines.
 20564 | Orc:1    | Entered Level 1 of the Orcish Mines
 20899 | Orc:1    | Paralysed by an orc sorcerer for 6 turns
 20907 | Orc:1    | Received a gift from Nemelex Xobeh
 21237 | Orc:2    | Entered Level 2 of the Orcish Mines
 21520 | Orc:2    | Received a gift from Nemelex Xobeh
 21807 | Orc:2    | Found a staircase to the Elven Halls.
 21818 | Orc:2    | Reached skill level 5 in Crossbows
 21821 | Orc:2    | Paralysed by an ogre mage for 6 turns
 21829 | Orc:2    | Reached XP level 15. HP: 106/140 MP: 22/22
 21829 | Orc:2    | Reached skill level 14 in Maces & Flails
 21892 | Orc:2    | Found Veludwen's Jewellery Shoppe.
 21892 | Orc:2    | Found Ahaupoi's Magic Scroll Shop.
 21894 | Orc:2    | Found Ygrasa Xag's General Store.
 21894 | Orc:2    | Found Sekhon's Armour Shoppe.
 21943 | Orc:2    | Bought the +2 pair of gloves "Put-Me-On" {rElec rF++ Str+4
                  | Int-2} for 702 gold pieces
 21943 | Orc:2    | Bought the +6 plate armour of Theory {rCorr Int+3} for 1006
                  | gold pieces
 22092 | D:10     | Entered Level 10 of the Dungeon
 22175 | D:10     | Received a gift from Nemelex Xobeh
 22199 | D:10     | Noticed Snorg
 22563 | D:10     | Received a gift from Nemelex Xobeh
 23100 | D:11     | Received a gift from Nemelex Xobeh
 23353 | D:11     | Received a gift from Nemelex Xobeh
 23979 | D:12     | Received a gift from Nemelex Xobeh
 24057 | D:12     | Got a pitted whip
 24058 | D:12     | Identified the cursed +3 whip "Owamifad" {slash, MR+ Int+3}
                  | (You found it on level 12 of the Dungeon)
 24349 | D:12     | Killed Snorg
 24366 | D:12     | Received a gift from Nemelex Xobeh
 25071 | D:13     | Received a gift from Nemelex Xobeh
 25104 | D:13     | Noticed Rupert
 25130 | D:13     | Paralysed by Rupert for 7 turns
 25133 | D:13     | Killed Rupert
 26206 | D:14     | Received a gift from Nemelex Xobeh
 26236 | D:14     | Found a gate to the Vaults.
 26381 | D:14     | Reached XP level 16. HP: 141/149 MP: 24/24
 26602 | D:14     | Received a gift from Nemelex Xobeh
 26810 | D:14     | Reached skill level 15 in Maces & Flails
 27070 | D:15     | Entered Level 15 of the Dungeon
 27261 | D:15     | Received a gift from Nemelex Xobeh
 27277 | D:15     | Found Ilierefuk's Jewellery Emporium.
 27331 | D:15     | Found Ywiugat's Armour Shop.
 27486 | D:15     | Found Ulosue's Food Emporium.
 27550 | D:15     | Found Itowurph's Gadget Boutique.
 27555 | D:15     | Received a gift from Nemelex Xobeh
 27853 | D:15     | Found a staircase to the Depths.
 27963 | D:15     | Got a shimmering plate armour
 27974 | D:15     | Identified the +9 plate armour of Atheism {rF+ Int+3} (You
                  | found it on level 15 of the Dungeon)
 28210 | Orc:2    | Bought a potion of experience for 750 gold pieces
 28210 | Orc:2    | Reached XP level 17. HP: 155/155 MP: 24/26
 28313 | Lair:1   | Upgraded the game from 0.25-a0-190-g27fffb8c76 to
                  | 0.25-a0-194-gece12570e2
 28380 | Swamp:1  | Entered Level 1 of the Swamp
 28741 | Swamp:1  | Received a gift from Nemelex Xobeh
 29353 | Swamp:1  | Reached skill level 10 in Crossbows
 29576 | Swamp:2  | Received a gift from Nemelex Xobeh
 29991 | Swamp:2  | Reached XP level 18. HP: 144/163 MP: 27/27
 30415 | Swamp:3  | Received a gift from Nemelex Xobeh
 30583 | Swamp:3  | Reached skill level 16 in Maces & Flails
 30687 | Swamp:3  | Reached skill level 1 in Evocations
 31362 | Swamp:4  | Entered Level 4 of the Swamp
 31396 | Swamp:3  | Received a gift from Nemelex Xobeh
 31691 | Swamp:4  | Reached skill level 10 in Armour
 32473 | Swamp:4  | Received a gift from Nemelex Xobeh
 32722 | Swamp:4  | Identified the +2 demon trident "Voruvuw" {vamp, rElec}
 32969 | Swamp:4  | Got a decaying rune of Zot
 33203 | Spider:1 | Entered Level 1 of the Spider Nest
 33239 | Lair:3   | Reached skill level 5 in Evocations
 33723 | Spider:1 | Received a gift from Nemelex Xobeh
 33839 | Spider:1 | Reached XP level 19. HP: 166/170 MP: 29/29
 33991 | Spider:1 | Reached skill level 15 in Invocations
 34949 | Spider:2 | Identified the +2 long sword of Zin's Benevolence {slice,
                  | rElec rF++ rC+ Dex-3}
 35003 | Spider:2 | Received a gift from Nemelex Xobeh
 35187 | Spider:2 | Noticed Arachne
 35211 | Spider:2 | Noticed Nikola
 35212 | Spider:2 | Killed Arachne
 35230 | Spider:2 | Killed Nikola
 35417 | Spider:2 | Received a gift from Nemelex Xobeh
 35620 | Spider:2 | HP: 7/170 [redback (5)]
 36278 | Spider:3 | Received a gift from Nemelex Xobeh
 36717 | Spider:3 | Received a gift from Nemelex Xobeh
 37053 | Spider:4 | Entered Level 4 of the Spider Nest
 37066 | Spider:4 | Noticed Agnes
 37070 | Spider:4 | Killed Agnes
 37316 | Spider:4 | Received a gift from Nemelex Xobeh
 37568 | Spider:4 | HP: 6/170 [wolf spider (7)]
 37569 | Spider:4 | Demolished by a tarantella

Levels and vault maps discovered:
D:1:      minmay_arrival_shattered_statue, layout_loops_ring, minivault_27
D:2:      layout_basic, gammafunk_temple_overflow_statue,
          minmay_misc_feat_secret_circle, grunt_gozag_breadcrumbs, uniq_terence,
          uniq_robin
D:3:      layout_basic, lemuel_round_altar,
          chequers_temple_overflow_statue_of_worship
D:4:      layout_cave_pools, lemuel_doored_altar,
          nicolae_overflow_crystal_walls, vehumet_crystals,
          lemuel_temple_firewalk_b, first_ration, uniq_eustachio
D:5:      layout_loops_ring, elyvilon_altar_3, ebering_ghost_disaster_area,
          uniq_edmund
D:6:      layout_loops_corners, basic_altar, gup_sewer_entry_glass
D:7:      layout_loops_cross
D:8:      minmay_the_grid_octo_tiled_squarecenter
          [minmay_the_grid_octo_checkerflower, minmay_the_grid_octo_toaster,
          minmay_the_grid_octo_horde, minmay_the_grid_octo_shrine,
          minmay_the_grid_square_5x5_megaprize_hollow,
          minmay_the_grid_square_5x5_broken_cross,
          minmay_the_grid_square_5x5_checkered_sparse,
          minmay_the_grid_square_5x5_plus,
          minmay_the_grid_square_5x5_two_walls_a], layout_gridville,
          okawaru_humans, serial_rivers, chequers_serial_rivers_micro_b,
          chequers_serial_rivers_small_a, chequers_serial_rivers_room_b,
          chequers_serial_rivers_small_b, chequers_serial_rivers_micro_e,
          chequers_serial_rivers_small_a, hangedman_little_slice_of_home,
          hangedman_decor_lopped, uniq_maurice
D:9:      dragon1_lemuel, layout_basic, zin_statuary, lemuel_crystal_altar,
          kennysheep_orc_monster_closet_entryway, minmay_nine_imps, uniq_pikel
D:10:     layout_roguey, hangedman_decor_push, hangedman_misty_isle, uniq_snorg
D:11:     layout_basic
D:12:     layout_basic
D:13:     layout_layer_cave, elves_outpost_lemuel, uniq_rupert
D:14:     layout_gridville, david_vaults_1, nicolae_two_hexagons,
          chequers_serial_rivers_micro_c, david_greed
D:15:     grunt_enter_depths_snipers, layout_loops_cross, serial_shops, shop,
          shop, nicolae_shop_trees, nicolae_shop_trees, minivault_15
Lair:1:   layout_misc_corridors
Lair:2:   layout_gridlike, portal_ice_cave_entry_pillars_1
Lair:3:   layout_long_grid, dummy_spider_entry, infiniplex_staircase_pool,
          grunt_megastairs_4
Lair:4:   layout_cave_pods, minmay_swamp_entry_swarm, forest_entry_grove,
          uniq_sonja
Lair:5:   layout_cave_pods
Lair:6:   gammafunk_lair_ancient_temple, layout_regular_city, slime_altar_1,
          gauntlet_entry_generic
Swamp:1:  layout_basic_swamp, hangedman_swamp_lotus, swamp_pool1,
          nicolae_swamp_baby_hydras
Swamp:2:  layout_basic_swamp, evilmike_swamp_ruin_house_3
Swamp:3:  layout_basic_swamp, evilmike_swamp_ruin_house_4, swamp_pool3
Swamp:4:  swamp_basic_johnstein, layout_basic_swamp
Spider:1: layout_spider_delve
Spider:2: nicolae_spider_hall_of_the_moth_king, uniq_arachne, uniq_nikola
Spider:3: layout_chambers
Spider:4: grunt_spider_rune_circles, uniq_agnes
Orc:1:    layout_caves
Orc:2:    st_orc_ogre_mass, layout_diamond_mine

Skill      XL: |  1  2  3  4  5  6  7  8  9 10 11 12 13 14 15 16 17 18 19 |
---------------+----------------------------------------------------------+-----
Maces & Flails | 3 4 5 6 7 9 10 11 12 13 14 15 16 | 16.0
Dodging        | 3 4 5 6 7 |  7.1
Fighting       | 4 5 6 8 9 11 12 13 14 15 | 15.0
Invocations    | 1 2 4 5 6 8 9 10 11 12 13 14 15 | 15.4
Armour         | 2 4 5 6 7 8 9 10 11 | 11.2
Crossbows      | 5 8 9 10 12 13 | 13.1
Evocations     | 5 8 |  8.4
Stealth        | |  2.1

Action                   |  1- 3 |  4- 6 |  7- 9 | 10-12 | 13-15 | 16-18 | 19-21 || total
-------------------------+-------+-------+-------+-------+-------+-------+-------++-------
Melee: Mace              |    58 |   224 |   760 |   483 |       |       |       ||  1525
       Great mace        |       |       |       |   275 |  1078 |  1239 |   444 ||  3036
 Fire: Triple crossbow   |       |       |       |     1 |       |       |       ||     1
       Arbalest          |       |       |       |       |       |    60 |    52 ||   112
Throw: Stone             |    16 |     1 |    16 |    26 |       |       |       ||    59
       Dart              |       |       |       |    14 |     7 |     7 |       ||    28
Invok: Triple Draw       |       |       |       |       |       |     2 |     1 ||     3
       Deal Four         |       |       |       |       |       |     1 |     2 ||     3
 Abil: Draw Destruction  |       |     3 |     7 |    30 |    24 |     8 |    15 ||    87
       Draw Summoning    |       |       |       |    10 |    10 |     7 |     2 ||    29
       Draw Escape       |       |       |       |     1 |     2 |     1 |     2 ||     6
Evoke: Wand              |       |       |       |     3 |       |     1 |       ||     4
       Phial of floods   |       |       |       |       |     1 |       |       ||     1
  Use: Scroll            |     2 |     4 |     8 |    11 |    17 |    14 |     6 ||    62
       Potion            |       |       |     2 |     3 |     3 |     6 |     4 ||    18
 Stab: Sleeping          |     2 |     1 |       |       |     1 |       |       ||     4
       Fleeing           |       |       |       |     2 |       |       |       ||     2
       Distracted        |       |       |       |       |     1 |     2 |       ||     3
       Petrified         |       |       |       |       |     1 |       |       ||     1
       Confused          |       |       |       |       |       |     2 |       ||     2
  Eat: Chunk             |     3 |    23 |    21 |    61 |   119 |   160 |    54 ||   441
       Ration            |       |       |       |     3 |     1 |       |       ||     4
Armor: Robe              |    12 |     3 |       |       |       |       |       ||    15
       Scale mail        |       |   121 |   482 |   501 |    41 |       |       ||  1145
       Ring mail         |       |       |       |       |   290 |       |       ||   290
       Plate armour      |       |       |       |       |   429 |  1265 |   638 ||  2332
Dodge: Dodged            |    43 |   115 |   424 |   534 |   848 |  1275 |   705 ||  3944
Block: Buckler           |       |       |    20 |    79 |       |       |       ||    99

Table legend:
 A = Non-vault XP
 B = Vault XP
 C = Vault XP percentage of total XP
 D = Non-vault monster count
 E = Vault monster count
 F = Vault count percentage of total count
                 A         B        C        D         E       F
            +---------+---------+-------+---------+---------+-------
      Total |  224427 |   97261 |  30.2 |     928 |     359 |  27.9
            +---------+---------+-------+---------+---------+-------
        D:1 |      28 |       0 |   0.0 |      13 |       0 |   0.0
        D:2 |      84 |      70 |  45.5 |      19 |      12 |  38.7
        D:3 |     147 |       0 |   0.0 |      28 |       0 |   0.0
        D:4 |     593 |     196 |  24.8 |      17 |       1 |   5.6
        D:5 |     676 |     166 |  19.7 |      17 |       1 |   5.6
        D:6 |     550 |      30 |   5.2 |      18 |       4 |  18.2
        D:7 |    1667 |       0 |   0.0 |      33 |       0 |   0.0
        D:8 |    2038 |    2231 |  52.3 |      28 |      34 |  54.8
        D:9 |    3841 |    4175 |  52.1 |      42 |      31 |  42.5
       D:10 |    1630 |     911 |  35.9 |      24 |       6 |  20.0
       D:11 |    5178 |       0 |   0.0 |      19 |       0 |   0.0
       D:12 |    7628 |    1134 |  12.9 |      36 |       1 |   2.7
       D:13 |    8468 |    7095 |  45.6 |      45 |      10 |  18.2
       D:14 |   11802 |    2532 |  17.7 |      47 |       5 |   9.6
       D:15 |   11752 |    2989 |  20.3 |      31 |       4 |  11.4
     Lair:1 |    4263 |       0 |   0.0 |      20 |       0 |   0.0
     Lair:2 |    1308 |       0 |   0.0 |       7 |       0 |   0.0
     Lair:3 |   13302 |     218 |   1.6 |      35 |       1 |   2.8
     Lair:4 |    5556 |    2726 |  32.9 |      28 |      13 |  31.7
     Lair:5 |    3189 |     372 |  10.4 |      11 |       2 |  15.4
     Lair:6 |   13110 |    9748 |  42.6 |      38 |      24 |  38.7
    Swamp:1 |   16820 |    4895 |  22.5 |      46 |       5 |   9.8
    Swamp:2 |   16298 |       0 |   0.0 |      43 |       0 |   0.0
    Swamp:3 |   17958 |       0 |   0.0 |      40 |       0 |   0.0
    Swamp:4 |   13845 |   17953 |  56.5 |      36 |      31 |  46.3
   Spider:1 |   13894 |       0 |   0.0 |      37 |       0 |   0.0
   Spider:2 |   12142 |    9491 |  43.9 |      33 |      10 |  23.3
   Spider:3 |   15074 |     721 |   4.6 |      40 |       2 |   4.8
   Spider:4 |   15841 |    3515 |  18.2 |      42 |       5 |  10.6
      Orc:1 |    1957 |       0 |   0.0 |      12 |       0 |   0.0
      Orc:2 |    3788 |   16757 |  81.6 |      43 |      33 |  43.4
      Sewer |       0 |     283 | 100.0 |       0 |      63 | 100.0
      IceCv |       0 |    5380 | 100.0 |       0 |      54 | 100.0
   Gauntlet |       0 |    3673 | 100.0 |       0 |       7 | 100.0
            +---------+---------+-------+---------+---------+-------
